2414 views
Uploaded 2021-08-21 06:33:58
Game version 1.32.10
24:25 long 1on1 ladder game on (2)EchoIsles
Saved by aom
2414 views
Uploaded 2021-08-21 06:33:58
Game version 1.32.10
24:25 long 1on1 ladder game on (2)EchoIsles

36 units @ 5.2k
/ 0.4k
12 buildings @ 1.9k
/ 0.8k



| Rod of Necromancy | 2 | 300 |
| Potion of Healing | 2 | 300 |
| Orb of Corruption | 1 | 375 |
| Dust of Appearance | 1 | 75 |
| Circlet of Nobility | 2 | 350 |
| Ring of Protection +4 | 1 | 300 |
| Claws of Attack +6 | 1 | 125 |
| total: | 10 | 1825g |
| Acolyte | 6 | 450 | / | 0 |
| Ghoul | 16 | 1920 | / | 0 |
| Banshee | 3 | 465 | / | 90 |
| Abomination | 2 | 480 | / | 140 |
| Obsidian Statue | 1 | 200 | / | 35 |
| Crypt Fiend | 1 | 215 | / | 40 |
| Gargoyle | 1 | 175 | / | 30 |
| Meat Wagon | 1 | 230 | / | 50 |
| Forest Troll Shadow Priest | 2 | 390 | / | 20 |
| Mud Golem | 1 | 145 | / | 10 |
| Forest Troll Berserker | 1 | 245 | / | 30 |
| Ogre Mauler | 1 | 300 | / | 0 |
| total: | 36 | 5215g | / | 445w |
| Nerubian Tower | 2 | 200 | / | 40 |
| Altar of Darkness | 1 | 180 | / | 50 |
| Ziggurat | 4 | 600 | / | 200 |
| Crypt | 1 | 200 | / | 50 |
| Tomb of Relics | 1 | 130 | / | 30 |
| Graveyard | 2 | 430 | / | 0 |
| Sacrificial Pit | 1 | 75 | / | 150 |
| Slaughterhouse | 1 | 140 | / | 135 |
| Temple of the Damned | 1 | 155 | / | 140 |
| Halls of the Dead | 1 | 320 | / | 210 |
| Black Citadel | 1 | 325 | / | 230 |
| total: | 12 | 1910g | / | 755w |
| 0:03 | Acolyte |
| 0:05 | Altar of Darkness |
| 0:06 | Ziggurat |
| 0:25 | Crypt |
| 0:32 | Acolyte |
| 1:02 | Tomb of Relics |
| 1:28 | Ghoul |
| 1:28 | Ghoul |
| 1:28 | Ghoul |
| 2:08 | Rod of Necromancy |
| 2:10 | Sleep |
| 2:16 | Ghoul |
| 2:26 | Halls of the Dead |
| 2:44 | Ziggurat |
| 3:07 | Graveyard |
| 3:12 | Dust of Appearance |
| 3:59 | Nerubian Tower |
| 4:25 | Ghoul |
| 4:51 | Forest Troll Shadow Priest |
| 4:58 | Ziggurat |
| 5:01 | Vampiric Aura |
| 5:09 | Cannibalize |
| 5:37 | Acolyte |
| 5:38 | Acolyte |
| 5:56 | Sleep |
| 6:43 | Ghoul |
| 6:44 | Ghoul |
| 7:09 | Circlet of Nobility |
| 7:21 | Rod of Necromancy |
| 7:23 | Death Coil |
| 7:35 | Graveyard |
| 8:01 | Ring of Protection +4 |
| 8:52 | Black Citadel |
| 8:58 | Sacrificial Pit |
| 9:03 | Unholy Strength |
| 9:17 | Circlet of Nobility |
| 9:48 | Slaughterhouse |
| 10:32 | Temple of the Damned |
| 10:33 | Ziggurat |
| 10:40 | Unholy Aura |
| 10:49 | Unholy Armor |
| 10:52 | Ghoul |
| 11:14 | Forest Troll Shadow Priest |
| 11:47 | Vampiric Aura |
| 12:00 | Mud Golem |
| 12:01 | Forest Troll Berserker |
| 12:42 | Ogre Mauler |
| 12:56 | Potion of Healing |
| 13:08 | Ghoul Frenzy |
| 15:49 | Frost Armor |
| 16:05 | Potion of Healing |
| 16:12 | Banshee |
| 16:12 | Banshee Adept Training |
| 16:16 | Improved Unholy Strength |
| 16:17 | Ghoul |
| 16:27 | Acolyte |
| 16:48 | Orb of Corruption |
| 18:11 | Abomination |
| 18:13 | Disease Cloud |
| 18:14 | Ghoul |
| 18:15 | Ghoul |
| 18:38 | Nerubian Tower |
| 18:58 | Acolyte |
| 20:01 | Claws of Attack +6 |
| 20:11 | Ghoul |
| 20:11 | Ghoul |
| 20:12 | Ghoul |
| 20:12 | Ghoul |
| 20:39 | Sleep |
| 20:53 | Obsidian Statue |
| 21:01 | Banshee |
| 21:03 | Banshee Master Training |
| 21:11 | Ghoul |
| 21:12 | Crypt Fiend |
| 21:14 | Abomination |
| 21:15 | Destroyer Form |
| 22:07 | Gargoyle |
| 22:10 | Meat Wagon |
| 22:19 | Banshee |
| 23:49 | Death Coil |
| 24:09 | Inferno |
| Select group | 1286 |
| Right click | 1015 |
| Select | 655 |
| Misc. action | 144 |
| Build/train/purchase | 105 |
| Use ability | 64 |
| Assign group | 44 |
| Chat | 15 |
| Minimap ping | 4 |
| Item give/drop | 3 |
| Remove unit | 1 |
32 units @ 3.8k
/ 0.4k
13 buildings @ 2k
/ 0.9k


| Lesser Clarity Potion | 4 | 280 |
| Healing Salve | 7 | 700 |
| Scroll of Speed | 2 | 100 |
| Orb of Lightning | 2 | 750 |
| Potion of Healing | 2 | 300 |
| Scroll of Town Portal | 1 | 350 |
| total: | 18 | 2480g |
| Peon | 10 | 750 | / | 0 |
| Troll Headhunter | 7 | 980 | / | 140 |
| Shaman | 6 | 780 | / | 120 |
| Troll Berserker | 9 | 1260 | / | 180 |
| total: | 32 | 3770g | / | 440w |
| Watch Tower | 1 | 110 | / | 80 |
| Altar of Storms | 1 | 180 | / | 50 |
| Orc Burrow | 5 | 800 | / | 200 |
| Voodoo Lounge | 1 | 130 | / | 30 |
| War Mill | 1 | 205 | / | 0 |
| Barracks | 1 | 180 | / | 50 |
| Spirit Lodge | 1 | 150 | / | 150 |
| Tauren Totem | 2 | 270 | / | 310 |
| Stronghold | 1 | 315 | / | 190 |
| Fortress | 1 | 325 | / | 190 |
| total: | 13 | 2025g | / | 870w |
| 0:03 | Peon |
| 0:03 | Peon |
| 0:23 | Altar of Storms |
| 0:31 | Peon |
| 0:31 | Peon |
| 0:35 | Orc Burrow |
| 0:42 | Peon |
| 0:42 | Peon |
| 1:13 | Voodoo Lounge |
| 1:31 | Peon |
| 1:31 | Peon |
| 1:36 | War Mill |
| 1:44 | Barracks |
| 2:04 | Peon |
| 2:06 | Orc Burrow |
| 2:18 | Peon |
| 2:28 | Wind Walk |
| 2:29 | Lesser Clarity Potion |
| 2:29 | Healing Salve |
| 2:30 | Scroll of Speed |
| 2:53 | Troll Headhunter |
| 3:53 | Troll Headhunter |
| 3:53 | Troll Headhunter |
| 4:01 | Troll Headhunter |
| 4:18 | Stronghold |
| 4:24 | Lesser Clarity Potion |
| 4:25 | Scroll of Speed |
| 4:52 | Troll Headhunter |
| 5:20 | Troll Headhunter |
| 5:25 | Orc Burrow |
| 5:26 | Steel Ranged Weapons |
| 6:04 | Critical Strike |
| 6:46 | Spirit Lodge |
| 6:47 | Fortress |
| 6:55 | Lesser Clarity Potion |
| 6:55 | Healing Salve |
| 7:02 | Troll Headhunter |
| 7:28 | Thorium Ranged Weapons |
| 7:29 | Reinforced Defenses |
| 7:51 | Critical Strike |
| 7:55 | Healing Wave |
| 8:02 | Orc Burrow |
| 8:05 | Shaman Adept Training |
| 8:31 | Scroll of Town Portal |
| 8:50 | Shaman |
| 9:02 | Healing Salve |
| 9:21 | Orb of Lightning |
| 9:33 | Berserker Upgrade |
| 9:46 | Shaman Master Training |
| 10:17 | Hex |
| 10:52 | Shaman |
| 10:56 | Orc Burrow |
| 12:00 | Mirror Image |
| 12:15 | Mirror Image |
| 12:36 | Shaman |
| 12:36 | Shaman |
| 12:38 | Potion of Healing |
| 12:41 | Healing Salve |
| 12:48 | Tauren Totem |
| 12:56 | Troll Berserker |
| 12:56 | Troll Berserker |
| 12:56 | Troll Berserker |
| 14:39 | Potion of Healing |
| 15:34 | Lesser Clarity Potion |
| 16:16 | Shaman |
| 16:16 | Shaman |
| 16:23 | Troll Berserker |
| 16:23 | Troll Berserker |
| 16:32 | Tauren Totem |
| 16:36 | Healing Salve |
| 16:46 | Orb of Lightning |
| 17:02 | Watch Tower |
| 17:04 | Troll Berserker |
| 18:09 | Critical Strike |
| 19:46 | Troll Berserker |
| 19:46 | Troll Berserker |
| 20:08 | Healing Salve |
| 20:53 | Healing Salve |
| 21:55 | Troll Berserker |
| 21:57 | Arcanite Ranged Weapons |
| Right click | 950 |
| Select group | 830 |
| Select | 272 |
| Build/train/purchase | 134 |
| Assign group | 67 |
| Use ability | 48 |
| Esc | 4 |
| Item give/drop | 3 |
⇛